 Dungeon Crawl Stone Soup version 0.31-a0-325-g067879e3d3 (webtiles) character file.

Game seed: 15804825048171261247

98 themarg the Conjurer (level 4, 0/26 HPs)
             Began as a Tengu Conjurer on July 18, 2023.
             Was a Follower of the Shining One.
             Killed from afar by an orc wizard (9 damage)
             ... with a magic dart
             ... on level 3 of the Dungeon.
             The game lasted 00:05:27 (2375 turns).

themarg the Conjurer (Tengu Conjurer)               Turns: 2375, Time: 00:05:28

Health: 0/26       AC:  2    Str:  7    XL:     4   Next: 71%
Magic:  3/8        EV: 12    Int: 21    God:    the Shining One [*.....]
Gold:   169        SH:  0    Dex: 12    Spells: 4/7 levels left

rFire   . . .        j - +1 whip (vamp)
rCold   . . .        (no shield)
rNeg    + . .        a - +0 robe
rPois   .            (helmet restricted)
rElec   .            (no cloak)
rCorr   .            (no gloves)
SInv    .            (boots unavailable)
Will    .....        (no amulet)
Stlth   +            i - ring of positive energy
HPRegen 0.24/turn    (no ring)
MPRegen 0.11/turn

%: no passive effects
@: confused, glowing
A: beak, talons 3
a: Renounce Religion, Divine Shield


You were on level 3 of the Dungeon.
You worshipped the Shining One.
The Shining One was aware of your devotion.
You visited 1 branch of the dungeon, and saw 3 of its levels.

You collected 169 gold pieces.

Inventory:

Hand Weapons
 f - a +0 short sword
 j - a +1 vampiric whip (weapon)
Missiles
 e - 11 stones
 h - 5 curare-tipped darts
Armour
 a - a +0 robe (worn)
Jewellery
 i - a ring of positive energy (left hand)
Scrolls
 d - 2 scrolls of vulnerability {unknown}
 g - a scroll of noise {unknown}
 k - a scroll of torment {unknown}
 m - a scroll of teleportation {unknown}
 n - a scroll of fog {unknown}
 o - a scroll of enchant armour {unknown}
 p - a scroll of summoning {unknown}
Potions
 b - a potion of magic
 c - 3 potions of curing {unknown}
 l - a potion of lignification {unknown}


   Skills:
 + Level 1.6 Fighting
 - Level 3.0 Dodging
 - Level 3.0 Stealth
 - Level 2.0 Spellcasting
 * Level 6.3 Conjurations


You had 4 spell levels left.
You knew the following spells:

 Your Spells              Type           Power      Damage    Failure   Level
a - Magic Dart            Conj           100%       1d8       1%          1
b - Searing Ray           Conj           56%        2d6       1%          2

Your spell library contained the following spells:

 Spells                   Type           Power      Damage    Failure   Level
 Dazzling Flash           Conj/Hex       30%        N/A       12%         3
 Fulminant Prism          Conj/Hex       7%         3d7       36%         4
 Iskenderun's Mystic Bla  Conj/Tloc      15%        2d5       36%         4


Dungeon Overview and Level Annotations

Branches:
Dungeon (3/15)

Altars:
The Shining One


Innate Abilities, Weirdness & Mutations

You have a beak for a mouth.
You have claws for feet.


Message History

Deactivating autopickup; reactivate with Ctrl-A.
An orc wizard comes into view. It is wielding a +0 dagger.
You hear a splashing noise.
You bump into the tree.
You feel less confused.
Aiming: Searing Ray (safe; 1% risk of failure)
Press: ? - help, Shift-Dir - straight line The searing ray hits the orc!
You kill the orc!
You hear a splash.
The searing ray hits the orc!
You kill the orc!
You hear a splash. (Press . to maintain the ray.)
The searing ray hits something.
You finish channelling your searing ray.
An orc comes into view. It is wielding a +1 heavy hand axe.
The orc shouts!
Aiming: Searing Ray (safe; 1% risk of failure)
Press: ? - help, Shift-Dir - straight line, f - orc
Aim: an orc, wielding a +1 heavy hand axe (79% to hit)
The searing ray hits the orc!
You kill the orc! (Press . to maintain the ray.)
A magic dart appears from out of thin air!
The magic dart hits you!
Found 5 stones.
Found a scroll labelled VATEOGG OVIT.
You are confused.
You see here a ring of positive energy.
Okay, then.
A magic dart appears from out of thin air!
The magic dart hits you.
A magic dart appears from out of thin air!
The magic dart hits you.
You're too confused to move!
You bump into the rock wall.
A magic dart appears from out of thin air!
The magic dart hits you!
You die...

#
.........?.♣P~~♣≈≈≈≈~~~~
....
.........^..♣~~~~≈~≈~~♣♣
###.
.......>....~~~~~~~~~♣~♣
............♣♣~♣~~~♣~~~~
............~P~P~~~~PP♣
.............~~~~P~~P~♣
.......=.####♣♣♣{~~~~~♣♣
....(....# #P)♣P~~P♣##
######.@## #..♣♣♣~♣##.
#..# ##..♣~~##.. #..#
####.........#
#####.{###........#####
.......)....##.....#
####......##########
#......# #......#
#......#


There were no monsters in sight!

Vanquished Creatures
  Jessica (D:2)
  2 adders (D:3)
  3 orcs (D:3)
  6 endoplasms
  A giant cockroach (D:1)
  5 goblins
  4 hobgoblins
  3 kobolds
  3 quokkas
  A ball python (D:2)
  8 bats
  9 frilled lizards
  5 rats
51 creatures vanquished.

Notes
Turn   | Place    | Note
-------+----------+-------------------------------------------
     0 | D:1      | themarg the Tengu Conjurer began the quest for the Orb.
     0 | D:1      | Reached XP level 1. HP: 10/10 MP: 4/4
   314 | D:1      | Reached XP level 2. HP: 15/16 MP: 0/6
   317 | D:1      | Learned a level 2 spell: Searing Ray
  1233 | D:2      | Reached XP level 3. HP: 20/20 MP: 2/7
  1297 | D:2      | Noticed Jessica
  1359 | D:2      | Reached skill level 1 in Fighting
  1491 | D:2      | Killed Jessica
  1703 | D:2      | Reached XP level 4. HP: 25/25 MP: 5/8
  1770 | D:2      | Found a faded altar of an unknown god.
  1778 | D:2      | Prayed at the altar of an unknown god.
  1778 | D:2      | Became a worshipper of the Shining One
  1778 | D:2      | Reached * piety under the Shining One
  1859 | D:2      | Reached skill level 6 in Conjurations
  2375 | D:3      | Killed from afar by an orc wizard

Illustrated notes

Levels and vault maps discovered:
D:1:      lightli_arrival_statuegarden, layout_loops_corners, nrook_campfire,
          chequers_serial_rivers_micro_c, minivault_11
D:2:      layout_rooms, chequers_ecumenical_altar_simple, uniq_jessica
D:3:      layout_rooms, worldfamousw_hep_ancestral_shrine, serial_bayou_lake_a,
          uniq_grinder

Skill      XL: |  1  2  3  4 |
---------------+-------------+-----
Fighting       | 1 |  1.6
Stealth        | 3 |  3.0
Conjurations   | 6 |  6.3
Dodging        | 3 |  3.0
Spellcasting   | |  2.0

Action                     |  1- 3 |  4- 6 || total
---------------------------+-------+-------++-------
  Melee: Short sword       |     1 |       ||     1
         Whip              |     1 |       ||     1
   Cast: Magic Dart        |    37 |    15 ||    52
         Searing Ray       |     9 |     8 ||    17
  Dodge: Dodged            |     2 |       ||     2

Table legend: (Time is in decaauts)
 A = Elapsed time spent in this place.
 B = Non-inter-level travel time spent in this place.
 C = Inter-level travel time spent in this place.
 D = Time resting spent in this place.
 E = Time spent auto-exploring this place.
 F = Levels seen in this place.
 G = Mean time per level.
                   A        B        C        D        E       F      G
               +--------+--------+--------+--------+--------+-----+--------+
         Total |   2396 |   2294 |    102 |     24 |   2001 |   3 |  798.7 |
       Dungeon |   2396 |   2294 |    102 |     24 |   2001 |   3 |  798.7 |
               +--------+--------+--------+--------+--------+-----+--------+

Top non-repeatable levels by time:
     D:1: 1316 daAuts
     D:2: 748 daAuts
     D:3: 331 daAuts
